 Dungeon Crawl Stone Soup version 0.17-a0-701-gb6462b4 (console) character file.

39628 jernau the Tortoise (level 14, -7/198 HPs)
             Began as a Hill Orc Fighter on Apr 18, 2015.
             Was an Elder of Beogh.
             Mangled by Rupert
             ... wielding a +4 battleaxe of draining
              (28 damage)
             ... on level 6 of the Lair of Beasts on Apr 19, 2015.
             The game lasted 01:47:00 (21004 turns).

jernau the Tortoise (Hill Orc Fighter)             Turns: 21004, Time: 01:47:00

Health: -7/198     AC: 31    Str: 19    XL:     14   Next: 7%
Magic:  15/18      EV:  2    Int: 12    God:    Beogh [****..]
Gold:   1074       SH:  0    Dex: 10    Spells: 0 memorised, 13 levels left

rFire  + . .     SeeInvis .     y - +0 broad axe (freeze)
rCold  + . .     Clarity  .     (armour currently unavailable)
rNeg   + + +     SustAb   .     (no shield)
rPois  +         Gourm    .     (helmet currently unavailable)
rElec  .         Spirit   .     (cloak currently unavailable)
rCorr  .         Warding  .     (gloves currently unavailable)
rMut   .         NoTele   +     (boots currently unavailable)
MR     +....                    (no amulet)
Stlth  +.........               K - +4 ring of protection
                                Y - ring of Mibo {+Blink rF+ rC+ Str-5 Int+4}

@: tree-form, heavily drained, somewhat resistant to hostile enchantments, very
unstealthy
A: no striking features
a: Smiting, Recall Orcish Followers, Renounce Religion, Evoke Blink


You were on level 6 of the Lair of Beasts.
You worshipped Beogh.
Beogh was greatly pleased with you.
You were not hungry.
You were a tree.
You visited 2 branches of the dungeon, and saw 17 of its levels.
You also visited: Sewer and Ossuary.

You collected 1074 gold pieces.

Inventory:

Hand weapons
 s - a +0 bardiche
 y - a +0 broad axe of freezing (weapon)
 E - a cursed -2 great sword
 F - a +0 mace
 U - a +2 demon trident of electrocution
Armour
 b - a +0 plate armour
 c - a +0 shield
 f - a +0 pair of boots (melded)
 u - a +0 cloak (melded)
 H - a +2 hat (melded)
 N - a +0 plate armour
 O - the +0 buckler "Qialest" {rF+ rC+ Regen+}
   (You found it on level 9 of the Dungeon)

   It protects you from fire.
   It protects you from cold.
   It increases your rate of regeneration.
 V - a +2 chain mail of poison resistance (melded)
Jewellery
 k - a +4 ring of dexterity
 l - an uncursed ring of poison resistance
 m - an uncursed ring of poison resistance
 o - an uncursed ring of see invisible
 A - a +2 ring of dexterity
 I - an uncursed ring of positive energy
 K - a +4 ring of protection (right branch)
 Y - the ring of Mibo (left branch) {+Blink rF+ rC+ Str-5 Int+4}
   (You found it on level 6 of the Lair of Beasts)

   [ring of protection from fire]

   It affects your strength (-5).
   It affects your intelligence (+4).
   It protects you from fire.
   It protects you from cold.
   It lets you blink.
Magical devices
 j - a wand of paralysis (10)
 B - a wand of digging (13)
 G - a wand of paralysis (11)
 J - a wand of slowing (17)
 M - a wand of polymorph (11)
 Q - a wand of teleportation (0)
 T - a wand of lightning (0)
Scrolls
 a - 2 scrolls of fog
 e - 2 scrolls of torment {unknown}
 q - 3 scrolls of recharging
 w - a scroll of vulnerability {unknown}
 P - 4 scrolls of enchant armour {unknown}
 R - 5 scrolls of remove curse
 X - a scroll of enchant weapon {unknown}
Potions
 p - 4 potions of restore abilities
 t - 2 potions of magic {unknown}
 v - 2 potions of cancellation {unknown}
 x - 4 potions of brilliance {unknown}
 C - a potion of mutation {unknown}
 D - 3 potions of flight {unknown}
 L - 2 potions of berserk rage {unknown}
Books
 g - a book of Beasts

   Spells                             Type                      Level
   a - Summon Butterflies             Summoning                    1
   b - Call Canine Familiar           Summoning                    3
   c - Summon Ice Beast               Ice/Summoning                4
   d - Summon Mana Viper              Hexes/Summoning              5
   e - Monstrous Menagerie            Summoning                    6
   f - Summon Hydra                   Summoning                    7
Comestibles
 d - 5 bread rations
 h - 7 fruits
 n - 11 meat rations


   Skills:
 - Level 14.0(10.9) Fighting
 - Level 10.3(7.5) Axes
 + Level 19.1(15.7) Armour
 - Level 3.2(0.9) Shields
 - Level 6.0(3.5) Invocations
 - Level 1.6(0.0) Evocations


You had 13 spell levels left.
You didn't know any spells.

Dungeon Overview and Level Annotations

Branches:
Dungeon (9/15)             Temple (0/1) D:6            Lair (8/8) D:9
 Spider (0/5) Lair:5        Slime (0/6) Lair:7          Orc (0/4) D:9
  Swamp: Lair:3-6    Shoals: Lair:3-6

Altars:
Sif Muna
Xom
Jiyva

Annotations:
Lair:6 Rupert


Message History

You hit Rupert. You freeze Rupert.
Rupert is heavily wounded.
Rupert hits you but does no damage.
Rupert hits you with a battleaxe of draining!
* * * LOW HITPOINT WARNING * * *
You completely miss Rupert.
Rupert is heavily wounded.
Rupert hits you but does no damage.
You hit Rupert but do no damage.
Rupert is heavily wounded.
Rupert barely misses you.
You completely miss Rupert.
Rupert is heavily wounded.
Rupert hits you but does no damage.
Rupert hits you with a battleaxe of draining.
* * * LOW HITPOINT WARNING * * *
You slash Rupert! You freeze Rupert.
Rupert is severely wounded.
Rupert hits you with a battleaxe of draining!!
You die...

### ### ####.##### #.##
#..#..##♣# #..### ##
*#....Y@##****#....## #.
##...'###≈≈≈≈≈####..# ##
##>...#≈≈≈#≈≈≈*≈≈≈#..# ##.
#.....#≈≈≈#≈≈≈*≈≈≈#.P# #..
##..#.#≈≈≈#****≈≈≈#..###..
##.##.#####≈≈≈'*###.<.....
#...#...#≈≈≈>≈≈≈#...#.P...
##....###*'≈≈≈#####.##.P..
####.#YY#≈≈≈#####≈≈≈#...P...
#.#÷....#≈≈≈#≈≈≈#≈≈≈#.......


You could see Rupert (berserk) and an elephant.

Vanquished Creatures
  Maud (Lair:6)
  Erolcha (D:9)
  An ice dragon (Lair:7)
  Harold (Lair:4)
  A catoblepas (Lair:7)
  A hydra (Lair:7)
  Erica (Lair:1)
  8 death yaks (Lair:6)
  Nergalle (Lair:4)
  An orc knight (Lair:4)
  8 elephants (Lair:6)
  3 black mambas
  7 spiny frogs
  Joseph (D:9)
  A centaur skeleton (D:9)
  6 komodo dragons
  A fire drake (Lair:7)
  10 blink frogs
  Prince Ribbit (D:7)
  A polar bear (Lair:7)
  34 yaks
  A wyvern (Lair:7)
  A deep elf mage (D:9)
  A hungry ghost (D:9)
  A basilisk (Lair:6)
  8 hippogriffs
  2 wolves
  A naga (Lair:3)
  13 water moccasins
  8 spiders (Lair:5)
  4 porcupines
  4 orc warriors
  2 ogres
  A centaur (D:5)
  10 crocodiles
  A big kobold (D:9)
  16 giant frogs
  A wyvern skeleton (D:8)
  6 water moccasin zombies (Ossuary)
  2 scorpions
  4 killer bees
  An electric eel (Lair:6)
  2 crimson imps
  A quasit (D:8)
  2 giant frog skeletons
  3 jellies
  9 orc wizards
  2 hounds (D:9)
  3 orc priests
  5 worker ants
  6 iguanas
  A killer bee zombie (D:9)
  10 sheep
  2 mummies (Ossuary)
  A hound skeleton (D:4)
  A worker ant zombie (D:4)
  16 adders
  44 river rats
  A shadow imp (D:7)
  An adder skeleton (D:9)
  3 adder zombies (Ossuary)
  10 worms
  5 giant geckos
  16 orcs
  17 bats
  A bat skeleton (D:4)
  A bat zombie (D:5)
  7 giant cockroaches
  17 hobgoblins
  2 quokkas
  A ball python (D:4)
  A giant gecko zombie (D:8)
  5 giant newts
  A gnoll zombie (Ossuary)
  9 goblins
  9 hobgoblin zombies (Ossuary)
  4 jackals
  21 kobolds
  5 kobold zombies (Ossuary)
  3 orc zombies (Ossuary)
  A quokka skeleton (D:5)
  12 rats
  3 spectral orcs (Lair:4)
  8 fungi
  5 plants
455 creatures vanquished.

Vanquished Creatures (collateral kills)
  An orc sorcerer (Lair:4)
  4 spiny frogs
  4 komodo dragons
  4 blink frogs
  3 yaks (Lair:2)
  3 hippogriffs
  4 basilisks
  A naga (Lair:3)
  3 porcupines
  6 water moccasins
  4 wolves (Lair:3)
  7 crocodiles
  A boring beetle (Lair:3)
  2 giant frogs
  An iguana (Lair:1)
  11 river rats
  An orc (D:9)
  A kobold (D:9)
  3 spectral orcs (Lair:4)
  A fungus (Lair:2)
  A plant (Lair:4)
66 creatures vanquished.

Vanquished Creatures (others)
  3 orc wizards
  3 orc priests
  6 spectral orcs (Lair:4)
  An ufetubus (Lair:4)
  7 orcs
  A bush (Lair:4)
  14 fungi (Lair:6)
  15 plants
50 creatures vanquished.

Grand Total: 571 creatures vanquished

Notes
Turn   | Place    | Note
--------------------------------------------------------------
     0 | D:1      | jernau, the Hill Orc Fighter, began the quest for the Orb.
     0 | D:1      | Reached XP level 1. HP: 19/19 MP: 1/1
   184 | D:1      | Reached skill level 4 in Fighting
   190 | D:1      | Reached XP level 2. HP: 27/27 MP: 2/2
   738 | D:1      | Reached XP level 3. HP: 33/33 MP: 3/3
  1511 | D:2      | Reached XP level 4. HP: 31/41 MP: 4/4
  1803 | D:2      | Reached skill level 5 in Fighting
  2265 | D:2      | Reached skill level 5 in Armour
  2460 | D:3      | Reached XP level 5. HP: 36/48 MP: 5/5
  3128 | D:4      | Reached XP level 6. HP: 45/57 MP: 6/6
  3155 | D:4      | Found a glowing drain.
  3160 | Sewer    | Entered a sewer
  3227 | Sewer    | Reached skill level 6 in Fighting
  3374 | D:4      | Found a deep blue altar of Sif Muna.
  3634 | D:4      | Became a worshipper of Beogh the Brigand
  3754 | D:4      | Noticed an ogre
  3760 | D:4      | Killed an ogre
  3760 | D:4      | Reached skill level 7 in Fighting
  3760 | D:4      | Reached XP level 7. HP: 58/66 MP: 7/7
  4018 | D:4      | Identified Sif Muna's Tome of the Compass
  4194 | D:5      | Entered Level 5 of the Dungeon
  4497 | D:5      | Found a sand-covered staircase.
  4502 | Ossuary  | Entered an ossuary
  4553 | Ossuary  | Acquired Beogh's first power
  4975 | Ossuary  | Reached skill level 8 in Fighting
  4975 | Ossuary  | Reached XP level 8. HP: 71/74 MP: 8/8
  5277 | D:5      | Got a scorched scale mail
  5288 | D:5      | Identified the +3 scale mail of the Blue Moon {Dex+3} (You found it on level 5 of the Dungeon)
  5325 | D:5      | Found a deep blue altar of Sif Muna.
  5636 | D:5      | You fall through a shaft!
  5909 | D:6      | Reached skill level 9 in Fighting
  6255 | D:6      | Found a staircase to the Ecumenical Temple.
  6327 | D:6      | Acquired Beogh's second power
  6773 | D:7      | Reached skill level 10 in Fighting
  6788 | D:7      | Noticed Prince Ribbit
  6811 | D:7      | Reached XP level 9. HP: 52/85 MP: 9/9
  6820 | D:7      | Killed Prince Ribbit
  7792 | D:8      | Reached skill level 10 in Armour
  7802 | D:8      | Reached skill level 11 in Fighting
  8217 | D:9      | Noticed a centaur skeleton
  8232 | D:9      | Killed a centaur skeleton
  8236 | D:9      | Found a staircase to the Lair.
  8258 | D:9      | Got an ancient buckler
  8336 | D:9      | Reached XP level 10. HP: 80/96 MP: 10/10
  8360 | D:9      | Acquired Beogh's third power
  8519 | D:9      | Reached skill level 12 in Armour
  8708 | D:9      | Noticed Erolcha
  8736 | D:9      | Killed Erolcha
  8827 | D:9      | Noticed Joseph
  8853 | D:9      | Killed Joseph
  8853 | D:9      | Reached skill level 1 in Invocations
  8948 | D:9      | Found a staircase to the Orcish Mines.
  9077 | D:9      | HP: 4/97 [killer bee (5)]
  9078 | Lair:1   | Entered Level 1 of the Lair of Beasts
  9219 | Lair:1   | Reached skill level 13 in Armour
  9219 | Lair:1   | Gained Bogbarth as an ally
  9274 | Lair:1   | Identified the +0 buckler "Qialest" {rF+ rC+ Regen+} (You found it on level 9 of the Dungeon)
  9544 | Lair:1   | Noticed Erica
  9552 | Lair:1   | Killed Erica
 10052 | Lair:1   | Reached XP level 11. HP: 93/105 MP: 12/12
 10267 | Lair:2   | Reached skill level 1 in Evocations
 10272 | Lair:2   | Acquired Beogh's fourth power
 10278 | Lair:2   | Reached skill level 14 in Armour
 11422 | Lair:3   | Acquired Beogh's fifth power
 11424 | Lair:3   | Reached skill level 15 in Armour
 11532 | Lair:3   | Found a staircase to the Snake Pit.
 11549 | Lair:3   | Upgraded the game from 0.17-a0-670-g5d95ebd to 0.17-a0-701-gb6462b4
 11559 | Lair:3   | Gained Oreg as an ally
 11951 | Lair:3   | Found a shimmering altar of Xom.
 12412 | Lair:4   | Noticed Harold
 12417 | Lair:4   | Noticed Nergalle
 12458 | Lair:4   | Killed Harold
 12467 | Lair:4   | Your ally Bogbarth died
 12470 | Lair:4   | Killed Nergalle
 12470 | Lair:4   | Was placed under penance by Beogh
 12470 | Lair:4   | Reached XP level 12. HP: 53/115 MP: 3/14
 12771 | Lair:4   | Reached skill level 16 in Armour
 13172 | Lair:4   | Was forgiven by Beogh
 13960 | Lair:5   | Found a hole to the Spider Nest.
 15332 | Lair:6   | Noticed Maud
 15348 | Lair:6   | Killed Maud
 15348 | Lair:6   | Reached skill level 5 in Axes
 15747 | Lair:6   | Reached skill level 5 in Invocations
 15980 | Lair:6   | Noticed a death yak
 16003 | Lair:6   | Killed a death yak
 16266 | Lair:6   | Noticed a death yak
 16276 | Lair:6   | Noticed a death yak
 16279 | Lair:6   | Noticed a death yak
 16280 | Lair:6   | Noticed a death yak
 16282 | Lair:6   | Noticed a death yak
 16284 | Lair:6   | Killed a death yak
 16705 | Lair:6   | Reached XP level 13. HP: 122/124 MP: 17/17
 16929 | Lair:6   | Got a scintillating bronze ring
 16931 | Lair:6   | Identified the ring of Mibo {+Blink rF+ rC+ Str-5 Int+4} (You found it on level 6 of the Lair of Beasts)
 17133 | Lair:6   | Killed a death yak
 17133 | Lair:6   | Reached skill level 10 in Axes
 17373 | Lair:6   | Killed a death yak
 17381 | Lair:6   | Killed a death yak
 17397 | Lair:6   | Killed a death yak
 17397 | Lair:6   | Reached skill level 17 in Armour
 18859 | Lair:7   | Reached skill level 18 in Armour
 20029 | Lair:7   | Found a viscous altar of Jiyva.
 20029 | Lair:7   | Found a staircase to the Slime Pits.
 20555 | Lair:8   | Entered Level 8 of the Lair of Beasts
 20628 | Lair:6   | Reached XP level 14. HP: 37/132 MP: 18/18
 20929 | Lair:6   | Noticed Rupert
 20959 | Lair:6   | Reached skill level 19 in Armour
 20990 | Lair:6   | Paralysed by Rupert for 7 turns
 21004 | Lair:6   | Mangled by Rupert

Action                   |  1- 3 |  4- 6 |  7- 9 | 10-12 | 13-15 || total
-------------------------+-------+-------+-------+-------+-------++-------
Melee: War axe           |   147 |   201 |       |       |       ||   348
       Broad axe         |       |    17 |   446 |   669 |   515 ||  1647
       Mace              |       |       |       |       |    11 ||    11
Invok: Convert to Beogh  |       |     1 |       |       |       ||     1
       Smiting           |       |       |       |    18 |     6 ||    24
       Recall Orcish Fol |       |       |       |     2 |       ||     2
       Give Item to Name |       |       |       |     1 |       ||     1
Evoke: Wand              |       |       |     1 |    10 |     2 ||    13
  Use: Potion            |     1 |       |     5 |    19 |     7 ||    32
       Scroll            |       |     6 |     7 |    14 |     4 ||    31
 Stab: Invisible         |       |       |     3 |     1 |       ||     4
       Paralysed         |       |       |       |     3 |       ||     3
  Eat: Chunk             |     2 |     8 |     9 |     9 |     5 ||    33
       Fruit             |       |       |     3 |    14 |     8 ||    25
       Pizza             |       |       |     1 |       |     2 ||     3
       Royal jelly       |       |       |     1 |     1 |       ||     2
       Beef jerky        |       |       |     1 |       |       ||     1
       Bread ration      |       |       |       |     2 |       ||     2
